 Dungeon Crawl Stone Soup version 0.26-a0-365-g11c2b627af (webtiles) character file.

Game seed: 16470195681182453434

581649 BritishOli the Slayer (level 25, -1/175 HPs)
             Began as a Demonspawn Fighter on July 18, 2020.
             Was the Champion of Okawaru.
             Killed by the air
             ... invoked by a blizzard demon
              (6 damage)
             ... in the Vestibule of Hell on July 19, 2020.
             The game lasted 03:54:56 (73378 turns).

BritishOli the Slayer (Demonspawn Fighter)         Turns: 73378, Time: 03:54:57

Health: -1/175     AC: 30    Str: 21 (23) XL:     25   Next: 95%
Magic:  23/23      EV: 10    Int: 17 (19) God:    Okawaru [******]
Gold:   8135       SH: 22    Dex: 17      Spells: 24/24 levels left

rFire    + + .     SeeInvis +   Q - +12 long sword of Watchfulness {vamp, Str+3 Int-4 Dex+6}
rCold    + + .     Faith    .   x - +5 kite shield of Hopscotch {rC+ Int+4 Stlth+}
rNeg     + + +     Spirit   .   Y - +11 crystal plate armour {rC+}
rPois    +         Reflect  .   (helmet unavailable)
rElec    +         Harm     .   o - +2 cloak {MR+}
rCorr    .                      (gloves unavailable)
MR       +++..                  (boots unavailable)
Stlth    ..........             a - amulet "Kuzerus" {rElec Regen+ Int+4}
HPRegen  0.79/turn              X - ring of Metzuo {rPois rF+ Int+4}
MPRegen  0.18/turn              K - ring of the Raven {+Fly rPois rN+++ Str-5 Slay+3}

@: engulfed (cannot breathe), corroded
A: claws 3, horns 3, talons 3, see invisible, clumsy 1, demonic guardian 3,
deterioration 2, fire resistance 1, frail 2, magic resistance 1, powered by
death 3, weak 1, no potion heal 1, subdued magic 2, MP-powered wands
}: 3/15 runes: decaying, silver, gossamer
a: Heroism, Finesse, Renounce Religion, Evoke Flight


You were in the Vestibule of Hell.
You worshipped Okawaru.
Okawaru was exalted by your worship.
You visited 12 branches of the dungeon, and saw 51 of its levels.
You visited the Abyss 1 time.
You also visited: Trove, Sewer, Gauntlet, Ice Cave and Volcano.

You collected 10099 gold pieces.
You spent 1964 gold pieces at shops.

Inventory:

Hand Weapons
 k - the +3 rapier "Concordance" {vorpal, rPois rC- Str+7 Dex-3}
   (You found it on level 3 of the Crypt)

   It inflicts extra damage upon your enemies.
   It affects your strength (+7).
   It affects your dexterity (-3).
   It makes you vulnerable to cold.
   It protects you from poison.
 w - the +0 falchion "Gaan" {venom, rC+ MR+ Dex+6}
   (Okawaru gifted it to you on level 3 of the Crypt)

   It poisons the flesh of those it strikes.
   It affects your dexterity (+6).
   It protects you from cold.
   It affects your resistance to hostile enchantments.
 D - the +0 scimitar "Deumuakare" {vorpal, rElec}
   (Okawaru gifted it to you on level 1 of the Crypt)

   It inflicts extra damage upon your enemies.
   It insulates you from electricity.
 I - the +6 demon blade of Diet Blood {elec, rC+ rN+ Str+8 Int-5}
   (You found it on level 2 of the Depths)

   Occasionally, upon striking a foe, it will discharge some electrical energy
   and cause terrible harm.
   It affects your strength (+8).
   It affects your intelligence (-5).
   It protects you from cold.
   It protects you from negative energy.
 Q - the +12 long sword of Watchfulness (weapon) {vamp, Str+3 Int-4 Dex+6}
   (Okawaru gifted it to you on level 5 of the Depths)

   It inflicts no extra harm, but heals its wielder when it wounds a living foe.
   It affects your strength (+3).
   It affects your intelligence (-4).
   It affects your dexterity (+6).
Missiles
 l - 24 silver javelins (quivered)
Armour
 o - a +2 cloak of magic resistance (worn)
 x - the +5 kite shield of Hopscotch (worn) {rC+ Int+4 Stlth+}
   (Okawaru gifted it to you on level 5 of the Vaults)

   It affects your intelligence (+4).
   It protects you from cold.
   It makes you more stealthy.
 Y - a +11 crystal plate armour of cold resistance (worn)
 Z - a scarf of repulsion
Jewellery
 a - the amulet "Kuzerus" (around neck) {rElec Regen+ Int+4}
   (You bought it in a shop on level 5 of the Depths)

   [amulet of regeneration]

   It affects your intelligence (+4).
   It insulates you from electricity.
   It increases your rate of regeneration.
 g - a +4 ring of protection
 y - an uncursed ring of resist corrosion
 C - a +6 ring of intelligence
 K - the ring of the Raven (right claw) {+Fly rPois rN+++ Str-5 Slay+3}
   (You took it off a deep elf annihilator on level 3 of the Elven Halls)

   [ring of flight]

   It affects your strength (-5).
   It affects your accuracy and damage with ranged weapons and melee attacks
   (+3).
   It protects you from poison.
   It renders you almost immune to negative energy.
   It lets you fly.
 L - an uncursed ring of protection from fire
 P - the amulet of Gozag's Envy {Faith Str+4}
   (You found it on level 4 of the Depths)

   [amulet of faith]

   It allows you to gain divine favour quickly.
   It affects your strength (+4).
 R - a +6 ring of intelligence
 T - an uncursed ring of magical power
 V - an uncursed ring of protection from magic
 X - the ring of Metzuo (left claw) {rPois rF+ Int+4}
   (You found it in a treasure trove)

   [ring of protection from fire]

   It affects your intelligence (+4).
   It protects you from fire.
   It protects you from poison.
Wands
 e - a wand of acid (21)
 u - a wand of digging (4)
 F - a wand of iceblast (30)
 J - a wand of disintegration (66)
 M - a wand of clouds (12)
 W - a wand of polymorph (6)
Scrolls
 h - 29 scrolls of remove curse
 i - 8 scrolls of teleportation
 n - 5 scrolls of silence
 q - 4 scrolls of magic mapping
 s - 12 scrolls of fear
 t - 7 scrolls of blinking
 B - 4 scrolls of fog
 G - 3 scrolls of brand weapon
 H - 22 scrolls of identify
 N - 2 scrolls of summoning
 S - 4 scrolls of enchant weapon
Potions
 b - 3 potions of mutation
 c - a potion of magic
 d - 4 potions of might
 f - 4 potions of flight
 j - 4 potions of cancellation
 m - 20 potions of curing
 p - 3 potions of resistance
 v - 5 potions of haste
 z - 13 potions of heal wounds
 O - 3 potions of invisibility
Miscellaneous
 A - 4 boxes of beasts
 E - 7 phantom mirrors


   Skills:
 + Level 22.5 Fighting
 + Level 20.9 Long Blades
 + Level 21.0 Armour
 + Level 9.7 Dodging
 + Level 21.9 Shields


You had 24 spell levels left.
You didn't know any spells.
Your spell library contained the following spells:

 Spells                   Type           Power        Failure   Level
 Animate Skeleton         Necr           #.....       99%         1
 Apportation              Tloc           #.....       99%         1
 Beastly Appendage        Tmut           #.....       99%         1
 Corona                   Hex            #......      99%         1
 Foxfire                  Conj/Fire      #...         99%         1
 Freeze                   Ice            #...         99%         1
 Pain                     Necr           #...         99%         1
 Sandblast                Erth           #.....       99%         1
 Shock                    Conj/Air       #...         99%         1
 Sting                    Tmut/Pois      #...         99%         1
 Summon Small Mammal      Summ           #...         99%         1
 Ensorcelled Hibernation  Hex/Ice        #.....       100%        2
 Passwall                 Tmut/Erth      #.......     100%        2
 Poisonous Vapours        Pois/Air       #.....       100%        2
 Slow                     Hex            #.......     100%        2
 Sublimation of Blood     Necr           #.........   100%        2
 Swiftness                Air            #.......     100%        2
 Confusing Touch          Hex            #.......     100%        3
 Conjure Flame            Conj/Fire      #.......     100%        3
 Dazzling Flash           Conj/Hex       #.....       100%        3
 Frozen Ramparts          Ice            #.....       100%        3
 Ignite Poison            Fire/Tmut/Pois #.......     100%        3
 Inner Flame              Hex/Fire       #.......     100%        3
 Lesser Beckoning         Tloc           #.........   100%        3
 Mephitic Cloud           Conj/Pois/Air  #.......     100%        3
 Ozocubu's Armour         Ice            #.......     100%        3
 Portal Projectile        Hex/Tloc       #.....       100%        3
 Static Discharge         Conj/Air       #.......     100%        3
 Stone Arrow              Conj/Erth      #.....       100%        3
 Tukima's Dance           Hex            #.......     100%        3
 Vampiric Draining        Necr           #.........   100%        3
 Airstrike                Air            #.........   100%        4
 Animate Dead             Necr           #.........   100%        4
 Cause Fear               Hex            #.........   100%        4
 Hailstorm                Conj/Ice       #.......     100%        4
 Leda's Liquefaction      Hex/Erth       #.........   100%        4
 Olgreb's Toxic Radiance  Pois           #.......     100%        4
 Passage of Golubria      Tloc           N/A          100%        4
 Petrify                  Tmut/Erth      #.......     100%        4
 Sticky Flame             Conj/Fire      #.......     100%        4
 Summon Ice Beast         Ice/Summ       #.......     100%        4
 Agony                    Necr           #.......     100%        5
 Alistair's Intoxication  Tmut/Pois      #.......     100%        5
 Bolt of Magma            Conj/Fire/Erth #.........   100%        5
 Borgnjor's Vile Clutch   Necr/Erth      #.........   100%        5
 Excruciating Wounds      Necr           #.........   100%        5
 Fireball                 Conj/Fire      #.........   100%        5
 Lee's Rapid Deconstruct  Erth           #.........   100%        5
 Lightning Bolt           Conj/Air       #.........   100%        5
 Metabolic Englaciation   Hex/Ice        #.........   100%        5
 Death Channel            Necr           #.........   100%        6
 Dispersal                Tloc           #.........   100%        6
 Eringya's Noxious Bog    Tmut/Pois      #.........   100%        6
 Freezing Cloud           Conj/Ice/Air   #.........   100%        6
 Invisibility             Hex            #.......     100%        6
 Iron Shot                Conj/Erth      #.........   100%        6
 Ozocubu's Refrigeration  Ice            #.........   100%        6
 Simulacrum               Ice/Necr       #.........   100%        6
 Starburst                Conj/Fire      #.........   100%        6
 Statue Form              Tmut/Erth      #........    100%        6
 Discord                  Hex            #.........   100%        8
 Death's Door             Necr           #.........   100%        9
 Shatter                  Erth           #.........   100%        9


Dungeon Overview and Level Annotations

Branches:
Dungeon (15/15)            Temple (1/1) D:6            Lair (6/6) D:9
  Swamp (4/4) Lair:2       Spider (4/4) Lair:2        Slime (0/5) Lair:6
    Orc (2/2) D:11            Elf (3/3) Orc:2        Vaults (5/5) D:14
  Crypt (3/3) Vaults:2       Tomb (2/3) Crypt:3      Depths (5/5) D:15
   Hell (1/1)                 Zot (0/5) Depths:5      Sewer (visited)
  IceCv (visited)         Volcano (visited)         Gauntlet (visited)
    Dis: Hell:1         Geh: Hell:1         Coc: Hell:1         Tar: Hell:1

Altars:
Ashenzari
Cheibriados
Dithmenos
Elyvilon
Fedhas
Gozag
Hepliaklqana
Kikubaaqudgha
Makhleb
Nemelex Xobeh
Okawaru
Qazlal
Ru
Sif Muna
Trog
Uskayaw
Vehumet
Wu Jian
Xom
Yredelemnul
Zin
The Shining One
Beogh

Shops:
D:8 *   D:12 [   Orc:2 }![*   Elf:2 *   Elf:3 (   Vaults:5 (   Depths:4 =
Depths:5 }=}

Portals:
Hell: Depths:1 Depths:2 Depths:3 Depths:4 Depths:5
Abyss: Depths:3 Depths:4
Pandemonium: Orc:2 Depths:3
Ziggurat: Depths:5

Annotations:
Lair:4 exclusion: 4 oklob plants
Depths:1 3 runed translucent doors, exclusion: obsidian statue, terminal's ghost, adept OpBr
Hell Geryon; Murray


Innate Abilities, Weirdness & Mutations

You have claws for hands.
You have a pair of large horns on your head.
You have claws for feet.
A powerful demonic guardian rushes to your aid.
Your flesh is heat resistant. (rF+)
You regenerate a lot of health from kills.
You have supernaturally acute eyesight. (SInv)
You are clumsy. (Dex -2)
Your body often deteriorates upon taking damage.
You are very frail. (-20% HP)
You are resistant to hostile enchantments. (MR+)
You are weak. (Str -2)
Potions are less effective at restoring your health.
Your spells are easier to cast, but less powerful.
You expend magic power (3 MP) to strengthen your wands.


Message History

The rust devil corrodes you!
Geryon winds a great silver horn.
Your reaper barely misses the hellephant.
The water elemental barely misses you. You block the sun demon's attack.
The hell knight mumbles some strange words.
The hell knight blinks!
* * * LOW HITPOINT WARNING * * *
Your lungs strain for air!
The hell hog closely misses you. You block the red devil's attack.
You block the sun demon's attack. The rust devil hits you.
The rust devil corrodes you! The sun demon hits you!
* * * LOW HITPOINT WARNING * * *
You are engulfed in flames.
You resist.
* * * LOW HITPOINT WARNING * * *
You block the iron golem's attack. The water elemental misses you.
You riposte.
You slash the water elemental! Your kick misses the water elemental.
The water elemental is moderately damaged.
The blizzard demon waves its arms in wide circles.
The air twists around and strikes you.
You die...

...............
......∩........
...............
...............
....Y2.Z3......
....42ZZZEZ....
....Z43pEZW....
...p2Z8@3hE2...
....ZZh44EMZZ∩.
.....E82Z2.....
......pE☼ZZz...
.........4.z.&.
..........2h...
..........Z.2..
.............Z.


You could see Geryon, a hellephant, Murray, 2 iron golems, 2 hell beasts, 3
reapers, a balrug, a blizzard demon, 2 hell knights, a soul eater, 2 hell hogs,
2 sun demons, 3 rust devils, a spectral black mamba (summoned), 2 water
elementals, a necromancer, 4 fire elementals, 2 red devils, a hell hound, a
shadow (summoned, invisible), a mummy (summoned), a wight (summoned), an ettin
simulacrum (summoned), a frost giant simulacrum, an anaconda zombie, an
alligator zombie, 2 five-headed hydra zombies, an ogre zombie, a fire giant
zombie, a titan zombie, an alligator skeleton, a five-headed hydra skeleton, a
quicksilver dragon skeleton, a snapping turtle skeleton, 2 fire giant skeletons,
a frost giant skeleton and a friendly reaper (summoned).

Vanquished Creatures
  A juggernaut (Depths:5)
  An ancient lich (Crypt:3)
  3 greater mummies
  Frederick (Tomb:1)
  Bai Suzhen (Depths:2)
  A golden dragon (Vaults:5)
  3 bone dragons
  Arachne (Spider:4)
  5 liches
  2 tentacled monstrosities
  3 deep elf blademasters
  4 titans
  An ancient champion (Tomb:1)
  The ghost of Duzemac the Severer, an adept MiFi of Gozag (Spider:3)
  Frances (Elf:1)
  2 tentacled starspawn (Abyss:2)
  A deep elf master archer (Elf:3)
  7 sphinxes
  Gastronok (Lair:2)
  4 shadow dragons
  3 thorn hunters
  6 tengu reavers
  3 storm dragons
  5 revenants
  8 fire giants
  2 draconian knights
  10 frost giants
  15 vault wardens
  4 emperor scorpions
  3 deep elf sorcerers
  A ghost moth (Spider:4)
  Louise (Depths:4)
  A draconian stormcaller (Depths:5)
  A cacodemon (Depths:1)
  4 deep elf elementalists
  5 ghouls
  A reaper (Depths:1)
  21 stone giants
  3 curse skulls (Crypt:2)
  10 war gargoyles
  18 very ugly things
  6 entropy weavers
  A juggernaut skeleton (Depths:2)
  17 ironheart preservers
  7 deep elf demonologists
  8 vampire knights
  2 yellow draconians (Depths:5)
  2 white draconians (Depths:5)
  2 red draconians (Depths:5)
  13 deep elf annihilators
  A minotaur (Gauntlet)
  2 eidola
  3 crystal guardians (Crypt:3)
  A merfolk javelineer (Depths:3)
  16 deep elf death magi
  Snorg (D:12)
  6 spark wasps
  12 ettins
  The ghost of mive the Fighter, a journeyman PaWr of Hepliaklqana (Lair:6)
  13 yaktaur captains
  2 jiangshi (Crypt:2)
  7 mummy priests
  13 fire dragons
  11 great orbs of eyes
  2 rakshasas
  7 deep elf high priests
  3 ghost crabs
  28 vault guards
  14 ice dragons
  A catoblepas (Lair:6)
  A great orb of eyes (shapeshifter) (Vaults:5)
  An anaconda (shapeshifter) (Vaults:4)
  15 hydras
  3 spriggan air magi
  A shambling mangrove (Swamp:3)
  7 death knights
  4 centaur warriors
  16 alligators
  12 ogre magi
  31 death scarabs
  38 two-headed ogres
  8 deep troll shamans
  4 vampire magi
  31 dancing weapons
  7 death yaks (Lair:6)
  2 hell hogs
  6 spriggan berserkers
  4 tengu warriors
  10 orc high priests
  13 deep troll earth magi
  19 deep elf knights
  Urug (Orc:2)
  2 sun demons (Depths:1)
  Sonja (Lair:1)
  2 soul eaters
  2 storm dragon zombies
  A sixfirhy (Depths:1)
  A fire crab (Volcano)
  20 hell knights
  A titan skeleton (Crypt:2)
  2 shadow wraiths
  A spriggan druid (Swamp:3)
  2 storm dragon skeletons
  An anaconda zombie (Tomb:1)
  An unseen horror (shapeshifter) (Vaults:1)
  2 glowing orange brains
  47 skeletal warriors
  3 wizards
  27 deep trolls
  A swamp dragon (shapeshifter) (Vaults:5)
  The ghost of voshxx the Summoner, a novice DrSu of Sif Muna (D:9)
  4 flayed ghosts
  3 golden dragon zombies (Crypt:3)
  A death drake (Swamp:4)
  2 infernal demonspawn (Orc:2)
  A gelid demonspawn (Orc:2)
  2 swamp dragons
  5 unseen horrors
  18 deep elf archers
  A golden dragon skeleton (Crypt:2)
  16 orc knights
  21 ironbrand convokers
  18 phantasmal warriors
  3 spectral wolf spiders (Spider:4)
  16 necromancers
  An anaconda skeleton (Crypt:3)
  4 spectral hydras (Swamp:4)
  An iron dragon zombie (Tomb:1)
  58 deep elf magi
  A stone giant zombie (Crypt:3)
  3 wolf spider zombies
  6 orb spiders
  A human zombie (Vaults:5)
  54 ugly things
  18 wolf spiders
  A frost giant zombie (Crypt:3)
  4 orc sorcerers
  A manticore (D:15)
  6 moths of wrath
  6 cyclopes
  5 elephants
  A fire giant zombie (Depths:2)
  A stone giant skeleton (Vaults:2)
  A frost giant skeleton (Crypt:1)
  A black mamba (shapeshifter) (Vaults:4)
  A centaur zombie (D:15)
  16 vault sentinels
  A dire elephant zombie (Crypt:1)
  5 fire giant skeletons
  4 rust devils
  2 smoke demons
  4 torpor snails
  A water nymph (shapeshifter) (Vaults:2)
  4 molten gargoyles
  2 iron dragon skeletons (Crypt:2)
  3 black mambas
  16 cane toads
  2 ice statues (IceCv)
  A storm dragon simulacrum (Vaults:5)
  2 grey draconian zombies
  2 kobold demonologists
  A hellion (Depths:1)
  A spriggan zombie (Depths:2)
  A yellow draconian zombie (Crypt:2)
  2 shock serpent skeletons
  2 spectral redbacks (Spider:4)
  12 freezing wraiths
  2 redback zombies
  A dire elephant skeleton (Crypt:2)
  3 swamp worm zombies (Swamp:4)
  A yaktaur zombie (D:15)
  14 komodo dragons
  7 demonic crawlers
  An emperor scorpion zombie (Crypt:2)
  An iron troll zombie (Crypt:1)
  11 ice devils
  3 red devils
  29 yaktaurs
  8 guardian mummies
  4 hydra zombies
  2 ancient zymes (Abyss:2)
  3 tengu conjurers
  12 trolls
  3 meliai (D:15)
  2 meliai (shapeshifter)
  A black draconian skeleton (Crypt:1)
  29 jumping spiders
  A tengu simulacrum (Vaults:3)
  3 wind drakes (Depths:3)
  A wolf spider simulacrum (Crypt:2)
  29 blink frogs
  8 tyrant leeches
  A sphinx simulacrum (Vaults:1)
  3 polar bears (Lair:6)
  A shadow dragon simulacrum (Tomb:1)
  18 hornets
  A raiju (Abyss:2)
  4 spectral jumping spiders (Spider:4)
  2 tarantella zombies (Spider:4)
  5 spectral tarantellas (Spider:4)
  2 jumping spider zombies (Spider:4)
  30 slime creatures
  A blink frog (shapeshifter) (Elf:3)
  6 hippogriffs
  A dream sheep (Lair:5)
  3 spectral swamp dragons (Swamp:4)
  A hippogriff (shapeshifter) (Vaults:1)
  2 hydra skeletons
  A frost giant simulacrum (Crypt:2)
  A stone giant simulacrum (Vaults:2)
  13 bog bodies
  A human simulacrum (Vaults:5)
  6 alligator zombies
  An ettin skeleton (Vaults:2)
  A redback (shapeshifter) (Vaults:1)
  52 redbacks
  3 spriggans
  71 flying skulls
  2 vampires (D:9)
  A ynoxinul (Abyss:2)
  2 spriggans (shapeshifter)
  22 tarantellas
  A yak (shapeshifter) (Depths:4)
  3 air elementals (Depths:3)
  4 shadows
  39 yaks
  2 wyverns
  A basilisk (Lair:1)
  14 water elementals
  6 fire elementals
  9 wraiths
  2 chaos spawn
  A human (shapeshifter) (Vaults:2)
  3 neqoxecs
  A wyvern (shapeshifter) (Depths:3)
  3 small abominations (Abyss:2)
  Grum (D:9)
  9 fire bats (Volcano)
  14 vampire mosquitoes
  6 ushabtiu
  2 large abominations (Abyss:2)
  5 wargs
  8 swamp worms
  2 spatial vortices (Abyss:2)
  An insubstantial wisp (Swamp:4)
  3 hell hounds
  An acid dragon (Vaults:1)
  10 porcupines
  10 water moccasins
  3 black bears
  2 ice beasts (D:11)
  An infernal demonspawn skeleton (Crypt:1)
  4 swamp drakes
  42 orc warriors
  3 sky beasts
  A snapping turtle zombie (Crypt:3)
  6 necrophages
  3 eyes of draining (shapeshifter) (Depths:4)
  A black bear (shapeshifter) (D:14)
  2 eyes of draining
  27 ogres
  8 boggarts
  6 human skeletons
  A manticore skeleton (Crypt:1)
  7 phantoms
  A snapping turtle skeleton (Crypt:3)
  3 swamp dragon zombies (Swamp:4)
  38 centaurs
  22 wolves
  An elf skeleton (Vaults:2)
  12 crocodiles
  4 big kobolds
  A rime drake zombie (Crypt:1)
  16 bullfrogs
  A draconian skeleton (Crypt:2)
  6 earth elementals
  3 wyvern zombies
  A water moccasin zombie (D:6)
  A cyclops skeleton (Crypt:2)
  5 scorpions
  8 killer bees
  17 wights
  A polar bear skeleton (Crypt:1)
  14 electric eels
  5 howler monkeys
  5 jellies
  8 lava snakes (Volcano)
  3 bullfrog zombies
  4 crimson imps
  3 hounds
  An iron imp (Depths:1)
  25 orc priests
  26 orc wizards
  3 bullfrog skeletons
  A gnoll shaman (D:8)
  4 centaur skeletons
  9 iguanas
  5 hell rats
  8 worker ants
  A porcupine skeleton (Crypt:2)
  A felid skeleton (Crypt:2)
  A hound skeleton (D:5)
  A hound zombie (D:8)
  15 mummies
  18 adders
  9 gnolls
  4 river rats (Sewer)
  A river rat (shapeshifter) (Vaults:2)
  3 shadow imps
  13 white imps
  7 ufetubi
  3 oozes
  2 adder skeletons
  An adder zombie (D:8)
  8 worms
  2 dart slugs (D:2)
  5 leopard geckos
  110 orcs
  8 giant cockroaches
  A giant cockroach (shapeshifter) (Vaults:5)
  8 goblins
  7 hobgoblins
  13 jackals
  6 quokkas
  4 ball pythons
  A ball python zombie (Crypt:1)
  8 bats
  14 frilled lizards
  2 jackal skeletons
  29 kobolds
  A kobold zombie (Crypt:1)
  2 leopard gecko skeletons
  2 quokka skeletons
  13 rats
  4 briar patches (Depths:3)
  3 fire vortices (Depths:3)
  2 plants
  2 starspawn tentacles (Abyss:2)
2408 creatures vanquished.

Vanquished Creatures (collateral kills)
  A greater mummy (Tomb:1)
  Nikola (Vaults:1)
  A lich (Tomb:1)
  A deep elf master archer (Elf:3)
  A sphinx (Vaults:5)
  A thorn hunter (Swamp:4)
  A storm dragon (Depths:5)
  Roxanne (D:15)
  2 revenants
  A vault warden (Vaults:2)
  2 frost giants
  A deep elf sorcerer (Elf:3)
  2 very ugly things
  A reaper (Hell)
  2 ironheart preservers
  A stone giant (Vaults:4)
  2 deep elf annihilators
  A mummy priest (Tomb:2)
  2 ettins
  2 ogre magi (Vaults:1)
  A deep elf high priest (Elf:3)
  A rakshasa (Depths:3)
  2 yaktaur captains
  A great orb of eyes (Vaults:1)
  A hydra (Lair:5)
  7 vault guards
  A ghost crab (Swamp:2)
  2 centaur warriors
  2 alligators (Swamp:1)
  6 two-headed ogres
  3 death scarabs (Tomb:1)
  A dancing weapon (Elf:2)
  A deep troll shaman (Depths:1)
  A spriggan berserker (Depths:3)
  An orc high priest (Orc:2)
  A titan zombie (D:15)
  2 deep elf knights
  A sun demon (Hell)
  2 hell knights
  A skeletal warrior (D:15)
  A storm dragon skeleton (Hell)
  6 deep trolls
  A torturous demonspawn (Orc:2)
  2 deep elf archers
  A spectral wolf spider (Spider:4)
  A wolf spider (Spider:1)
  A swamp dragon (Swamp:2)
  2 orc knights
  2 necromancers (Hell)
  9 ugly things
  3 deep elf magi
  An elephant (Lair:6)
  A manticore (D:10)
  3 vault sentinels
  A smoke demon (Orc:2)
  A cane toad (Swamp:4)
  Maggie (D:9)
  A redback zombie (Spider:4)
  A komodo dragon (Lair:1)
  A freezing wraith (D:15)
  2 yaktaurs
  3 guardian mummies
  A polar bear (Lair:6)
  A spectral swamp dragon (Swamp:4)
  3 bog bodies
  9 slime creatures
  3 blink frogs
  A flying skull (Tomb:1)
  A redback (Spider:1)
  2 tarantellas (Spider:1)
  A water elemental (Depths:3)
  2 yaks
  A spriggan (Swamp:2)
  A vampire mosquito (Swamp:3)
  3 swamp worms
  A human zombie (D:15)
  A hell hound (Hell)
  2 water moccasins
  A swamp dragon zombie (Swamp:4)
  7 orc warriors
  A phantom (D:9)
  3 wolves
  6 ogres
  A centaur (Depths:2)
  2 big kobolds (D:12)
  A wight (D:9)
  6 orc priests
  3 orc wizards
  A worker ant (D:4)
  A mummy (Tomb:1)
  An adder zombie (D:8)
  A worm (D:9)
  12 orcs
  A kobold (D:8)
  A rat (D:9)
  2 briar patches (Swamp:3)
  A starspawn tentacle (Abyss:2)
195 creatures vanquished.

Vanquished Creatures (others)
  A golden dragon (Depths:4)
  A reaper (IceCv)
  A death scarab (Tomb:2)
  A hell hog (Depths:1)
  A deep elf knight (Elf:2)
  A hell knight (Depths:2)
  2 unseen horrors
  A hellion (Hell)
  2 hornets
  A spriggan (Swamp:4)
  7 insubstantial wisps (Swamp:4)
  An orc warrior (Vaults:5)
  An orc wizard (D:10)
  2 white imps (IceCv)
  3 ufetubi (IceCv)
  9 orcs
  2 briar patches
  6 fungi
  11 plants
  A starspawn tentacle (Abyss:2)
55 creatures vanquished.

Grand Total: 2658 creatures vanquished

Notes
Turn   | Place    | Note
-------+----------+-------------------------------------------
     0 | D:1      | BritishOli the Demonspawn Fighter began the quest for the
                  | Orb.
     0 | D:1      | Reached XP level 1. HP: 18/18 MP: 1/1
   236 | D:1      | Gained mutation: A weak demonic guardian rushes to your
                  | aid. [demonic ancestry]
   236 | D:1      | Reached XP level 2. HP: 24/24 MP: 2/2
   804 | D:1      | Gained mutation: You have sharp toenails. [demonic
                  | ancestry]
   804 | D:1      | Reached XP level 3. HP: 29/29 MP: 3/3
  1390 | D:2      | Gained mutation: You have a pair of small horns on your
                  | head. [demonic ancestry]
  1390 | D:2      | Reached XP level 4. HP: 31/35 MP: 4/4
  1706 | D:2      | Found a blossoming altar of Fedhas.
  2384 | D:3      | Found a glowing drain.
  2388 | Sewer    | Entered a sewer
  2546 | Sewer    | Gained mutation: You regenerate a little health from kills.
                  | [demonic ancestry]
  2546 | Sewer    | Reached XP level 5. HP: 34/42 MP: 5/5
  3254 | D:3      | Reached skill level 4 in Fighting
  3577 | D:3      | Reached XP level 6. HP: 31/48 MP: 6/6
  4546 | D:5      | Entered Level 5 of the Dungeon
  4605 | D:5      | Gained mutation: You regenerate health from kills. [demonic
                  | ancestry]
  4605 | D:5      | Reached XP level 7. HP: 17/55 MP: 7/7
  4943 | D:5      | Reached skill level 5 in Fighting
  5045 | D:5      | Got a faintly humming ring mail
  5056 | D:5      | Identified the +1 ring mail "Avuokhlaecs" {rCorr Str+6
                  | Dex-2 Stlth+} (You found it on level 5 of the Dungeon)
  5419 | D:6      | Reached skill level 5 in Armour
  5419 | D:6      | Reached skill level 5 in Shields
  5419 | D:6      | Reached XP level 8. HP: 34/63 MP: 8/8
  5653 | D:6      | You fall into a shaft and drop 3 floors!
  5654 | D:9      | Found a transporter.
  5655 | D:9      | Noticed voshxx's ghost (novice DrSu)
  5656 | D:9      | Noticed a death knight
  5688 | D:9      | Noticed a two-headed ogre
  5697 | D:9      | Killed a two-headed ogre
  5697 | D:9      | Reached skill level 6 in Fighting
  5697 | D:9      | Reached skill level 5 in Long Blades
  6201 | D:6      | Reached XP level 9. HP: 68/71 MP: 9/9
  6536 | D:6      | Found an ancient bone altar of Kikubaaqudgha.
  6632 | D:6      | Found a shimmering blue altar of Sif Muna.
  6774 | D:6      | Found a staircase to the Ecumenical Temple.
  6955 | Temple   | Entered the Ecumenical Temple
  7023 | Temple   | Became a worshipper of Warmaster Okawaru
  7129 | D:7      | Reached skill level 7 in Fighting
  8004 | D:8      | Reached * piety under Okawaru
  8579 | D:8      | Found Henepnea's Serpentskin Sales.
  8842 | D:9      | Noticed Grum
  8842 | D:9      | Noticed a death yak
  8843 | D:9      | Noticed a death yak
  8854 | D:9      | Noticed a death yak
  9272 | D:8      | Gained mutation: You have sharp fingernails. [demonic
                  | ancestry]
  9272 | D:8      | Reached XP level 10. HP: 27/80 MP: 10/10
  9740 | D:9      | Reached ** piety under Okawaru
  9746 | D:9      | Killed Grum
  9746 | D:9      | Reached skill level 8 in Fighting
  9759 | D:9      | Noticed Maggie
  9773 | D:9      | Killed Maggie
  9967 | D:9      | Found a staircase to the Lair.
 10261 | D:9      | Noticed a skeletal warrior
 10265 | D:9      | Found a transporter.
 10428 | D:9      | Got a jet-encrusted ring mail
 10439 | D:9      | Identified the +4 ring mail "Behyxzam" {rElec Regen+ Int+4
                  | Stlth-} (You found it on level 9 of the Dungeon)
 10686 | D:10     | Entered Level 10 of the Dungeon
 10799 | D:10     | Reached *** piety under Okawaru
 11327 | D:10     | Noticed a manticore
 11338 | D:10     | Killed a manticore
 11376 | D:10     | Reached **** piety under Okawaru
 11376 | D:10     | Received a gift from Okawaru
 11685 | D:11     | Identified a scroll of acquirement
 11685 | D:11     | Acquired a +1 demon blade of venom
 11961 | D:11     | Noticed a white ugly thing
 11985 | D:11     | Killed a white ugly thing
 11985 | D:11     | Reached skill level 9 in Fighting
 12097 | D:11     | Received a gift from Okawaru
 12102 | D:11     | Gained mutation: You have very sharp fingernails. [demonic
                  | ancestry]
 12102 | D:11     | Reached XP level 11. HP: 89/89 MP: 11/11
 12249 | D:11     | Killed an unseen horror
 12323 | D:11     | Noticed a +3 vorpal war axe
 12766 | D:11     | Killed a +3 vorpal war axe
 12766 | D:11     | Reached ***** piety under Okawaru
 12830 | D:11     | Identified the +8 longbow "Riagyusi" {speed, +Fly rPois rC+
                  | Int+3}
 13044 | D:11     | Noticed a green ugly thing
 13074 | D:11     | Killed a green ugly thing
 13123 | D:11     | Found a staircase to the Orcish Mines.
 13128 | D:11     | Received a gift from Okawaru
 13734 | D:12     | Noticed a two-headed ogre
 13750 | D:11     | Killed a two-headed ogre
 13795 | D:12     | Noticed a five-headed hydra
 13796 | D:12     | Killed an unseen horror
 14097 | D:12     | Reached skill level 10 in Fighting
 14139 | D:12     | Noticed Snorg
 14140 | D:12     | Found Sunkan's Antique Armour Boutique.
 14168 | D:12     | Killed Snorg
 14190 | D:12     | Found a shattered altar of Ashenzari.
 14254 | D:12     | Received a gift from Okawaru
 14497 | D:12     | Killed an unseen horror
 14669 | D:12     | Reached XP level 12. HP: 67/98 MP: 12/12
 14991 | D:13     | Noticed a two-headed ogre
 15030 | D:12     | Killed a two-headed ogre
 15232 | D:13     | Identified a +2 pair of boots of running (Okawaru gifted it
                  | to you on level 12 of the Dungeon)
 15319 | D:11     | Got a scorched longbow {god gift}
 15428 | D:13     | Reached skill level 10 in Armour
 15469 | D:13     | Reached skill level 10 in Shields
 15500 | D:13     | Received a gift from Okawaru
 15512 | D:13     | Got a bloodstained cloak {god gift}
 15518 | D:13     | Identified the +0 cloak of the Moon Troll {MR+ Regen+
                  | Str-4} (Okawaru gifted it to you on level 13 of the
                  | Dungeon)
 15649 | D:13     | Reached skill level 11 in Fighting
 15711 | D:13     | Reached skill level 10 in Long Blades
 15770 | D:13     | Noticed a rakshasa
 16098 | D:14     | Noticed a centaur warrior
 16112 | D:14     | Killed a centaur warrior
 16376 | D:11     | Killed a two-headed hydra
 16480 | Lair:1   | Entered Level 1 of the Lair of Beasts
 16510 | Lair:1   | Gained mutation: You have a pair of horns on your head.
                  | [demonic ancestry]
 16510 | Lair:1   | Reached XP level 13. HP: 76/106 MP: 13/13
 16514 | Lair:1   | Found a gate leading to a gauntlet.
 16523 | Gauntlet | Entered a Gauntlet
 16523 | Gauntlet | Found a transporter.
 16523 | Gauntlet | Found a transporter.
 16535 | Gauntlet | Found a transporter.
 16550 | Gauntlet | Found a transporter.
 16564 | Gauntlet | Found a transporter.
 16577 | Gauntlet | Found a transporter.
 16594 | Gauntlet | Found a transporter.
 16662 | Gauntlet | Found a transporter.
 16676 | Gauntlet | Found a transporter.
 16692 | Gauntlet | Found a transporter.
 16705 | Gauntlet | Found a transporter.
 16707 | Gauntlet | Found a large runed translucent door.
 16707 | Gauntlet | Found a large runed translucent door.
 16708 | Gauntlet | Found a large runed translucent door.
 16708 | Gauntlet | Found a large runed translucent door.
 16709 | Gauntlet | Found a large runed translucent door.
 16709 | Gauntlet | Found a large runed translucent door.
 16709 | Gauntlet | Found a runed translucent door.
 16709 | Gauntlet | Found a runed translucent door.
 16709 | Gauntlet | Found a large runed translucent door.
 16710 | Gauntlet | Found a large runed translucent door.
 16717 | Gauntlet | Found a large runed translucent door.
 16717 | Gauntlet | Found a large runed translucent door.
 16718 | Gauntlet | Found a large runed translucent door.
 16718 | Gauntlet | Found a large runed translucent door.
 16719 | Gauntlet | Found a large runed translucent door.
 16719 | Gauntlet | Found a large runed translucent door.
 16783 | Gauntlet | Found a transporter.
 16793 | Gauntlet | Found a transporter.
 16799 | Gauntlet | Found a large runed translucent door.
 16800 | Gauntlet | Found a large runed translucent door.
 16802 | Gauntlet | Found a runed translucent gate.
 16803 | Gauntlet | Found a transporter.
 16803 | Gauntlet | Found a runed translucent gate.
 16804 | Gauntlet | Found a runed translucent gate.
 16806 | Gauntlet | Found a transporter.
 16843 | Gauntlet | Found a transporter.
 16919 | Gauntlet | Acquired a manual of Fighting
 17052 | Gauntlet | Acquired 440 gold pieces
 17130 | Gauntlet | Reached skill level 12 in Fighting
 17214 | Gauntlet | Got a bloodstained hat
 17220 | Gauntlet | Identified the +0 hat "Horuz" {+Blink Regen+ Str+5 Dex-3}
                  | (You found it in a Gauntlet)
 17264 | Gauntlet | Noticed a minotaur
 17277 | Gauntlet | Killed a minotaur
 17437 | Lair:1   | Reached ****** piety under Okawaru
 17441 | Lair:1   | Received a gift from Okawaru
 17827 | Lair:1   | Noticed Sonja
 17955 | Lair:2   | Found a hole to the Spider Nest.
 17962 | Lair:2   | Reached skill level 13 in Fighting
 17985 | Lair:2   | Found a frozen archway.
 18008 | IceCv    | Entered an ice cave
 18094 | IceCv    | Found the +2 hat of the Bear Spirit {Spirit, +Rage rN+
                  | MR++}
 18103 | IceCv    | Killed a reaper
 18997 | Lair:2   | Received a gift from Okawaru
 19085 | Lair:2   | Got a pair of spiked boots {god gift}
 19096 | Lair:2   | Identified the +0 pair of boots of the True Pharaoh {rF+
                  | rN+ MP+9} (Okawaru gifted it to you on level 2 of the Lair
                  | of Beasts)
 19263 | Lair:2   | Found a staircase to the Swamp.
 19395 | Lair:2   | Noticed Gastronok
 19403 | Lair:2   | Killed Gastronok
 19403 | Lair:2   | Reached skill level 14 in Fighting
 19706 | Lair:3   | You fall into a shaft and drop 1 floor!
 19993 | Lair:4   | Gained mutation: You have razor-sharp toenails. [demonic
                  | ancestry]
 19993 | Lair:4   | Reached XP level 14. HP: 99/121 MP: 14/14
 21414 | Lair:5   | Reached skill level 15 in Fighting
 21714 | Lair:5   | Got a fine leather armour
 21979 | Lair:5   | Received a gift from Okawaru
 22123 | Lair:5   | Got a distressingly furry ring mail
 22401 | Lair:6   | Entered Level 6 of the Lair of Beasts
 22539 | Lair:6   | Reached skill level 16 in Fighting
 22847 | Lair:6   | Found a runed translucent gate.
 22847 | Lair:6   | Found a runed translucent gate.
 22847 | Lair:6   | Found a runed translucent gate.
 22853 | Lair:6   | Noticed mive's ghost (journeyman PaWr)
 23106 | Lair:6   | Found a staircase to the Slime Pits.
 23595 | Lair:6   | Received a gift from Okawaru
 23666 | Lair:6   | Killed mive's ghost
 23996 | Lair:1   | Gained mutation: A demonic guardian rushes to your aid.
                  | [demonic ancestry]
 23996 | Lair:1   | Reached XP level 15. HP: 132/132 MP: 15/15
 24177 | Lair:1   | Killed Sonja
 24740 | D:9      | Killed voshxx's ghost
 25096 | D:14     | Got a brightly glowing leather armour
 25113 | D:14     | Found a gate to the Vaults.
 25334 | D:14     | Found a roughly hewn altar of Beogh.
 25560 | D:14     | Reached skill level 17 in Fighting
 25830 | D:15     | Entered Level 15 of the Dungeon
 25855 | D:15     | Received a gift from Okawaru
 25874 | D:15     | Found a staircase to the Depths.
 26358 | D:15     | Noticed Roxanne
 26568 | D:15     | Killed Roxanne
 27142 | Orc:1    | Entered Level 1 of the Orcish Mines
 27311 | Orc:2    | Entered Level 2 of the Orcish Mines
 27378 | Orc:2    | Found Siycaex's General Store.
 27379 | Orc:2    | Found Xeivouc's Distillery.
 27396 | Orc:2    | Received a gift from Okawaru
 27514 | Orc:2    | Noticed Urug
 27525 | Orc:2    | Found a dark tunnel.
 27530 | Volcano  | Entered a volcano
 27942 | Volcano  | Found a burning altar of Makhleb.
 27985 | Orc:2    | Killed Urug
 28405 | Orc:2    | Bought a scroll of acquirement for 572 gold pieces
 28407 | Orc:2    | Bought a potion of curing for 39 gold pieces
 28407 | Orc:2    | Bought a potion of heal wounds for 65 gold pieces
 28407 | Orc:2    | Bought a potion of curing for 39 gold pieces
 28410 | Orc:2    | Gained mutation: Your body sometimes deteriorates upon
                  | taking damage. [potion of mutation]
 28410 | Orc:2    | Gained mutation: You occasionally shout uncontrollably at
                  | your foes. [potion of mutation]
 28410 | Orc:2    | Gained mutation: You are robust. (+10% HP) [potion of
                  | mutation]
 28410 | Orc:2    | Gained mutation: You have supernaturally acute eyesight.
                  | (SInv) [potion of mutation]
 28411 | Orc:2    | Bought a potion of mutation for 104 gold pieces
 28461 | Orc:2    | Got an ichor-stained long sword {god gift}
 28462 | Orc:2    | Identified the +4 long sword of Untruth {venom, rC+ Dex+4
                  | SInv Stlth+} (Okawaru gifted it to you on level 2 of the
                  | Orcish Mines)
 28474 | Orc:2    | Gained mutation: Your magical capacity is low. (-10% MP) [a
                  | neqoxec]
 28517 | Orc:2    | Received a gift from Okawaru
 28545 | Orc:2    | Reached XP level 16. HP: 74/157 MP: 12/14
 28974 | Orc:2    | Found a staircase to the Elven Halls.
 29204 | Orc:2    | Found Purphun's Antique Armour Shop.
 29204 | Orc:2    | Found Edassokh's Gadget Boutique.
 29204 | Orc:2    | Found a one-way gate leading to the halls of Pandemonium.
 29419 | Orc:1    | Found a roughly hewn altar of Beogh.
 29469 | Orc:1    | Reached skill level 18 in Fighting
 29907 | Elf:1    | Entered Level 1 of the Elven Halls
 30093 | Lair:1   | Acquired a manual of Shields
 30143 | Swamp:1  | Entered Level 1 of the Swamp
 31520 | Swamp:1  | Got a polished chain mail
 31741 | Swamp:2  | Received a gift from Okawaru
 32295 | Swamp:2  | Found a burning altar of Makhleb.
 32663 | Swamp:3  | Got a polished battleaxe
 32906 | Lair:1   | Identified the cursed +1 battleaxe of the Destroying
                  | Traitor {vorpal, rF+ rN+ Dex+3} (You found it on level 3 of
                  | the Swamp)
 32919 | Lair:1   | Identified the +2 chain mail of the Weaver {rElec Slay-3
                  | SInv Stlth+} (You found it on level 1 of the Swamp)
 32930 | Lair:1   | Identified the +2 leather armour of Carved Surprise {rElec
                  | Dex+2} (You found it on level 14 of the Dungeon)
 32943 | Lair:1   | Identified the +5 ring mail of Ruddisti {Harm rN+ MR-} (You
                  | found it on level 5 of the Lair of Beasts)
 32956 | Lair:1   | Identified the cursed +1 leather armour of Nihilism {rPois
                  | SInv Stlth+} (You found it on level 5 of the Lair of
                  | Beasts)
 33200 | Swamp:3  | Received a gift from Okawaru
 33462 | Swamp:3  | Noticed a thorn hunter
 33474 | Swamp:3  | Killed a thorn hunter
 33869 | Swamp:4  | Entered Level 4 of the Swamp
 34016 | Swamp:4  | Noticed a thorn hunter
 34027 | Swamp:4  | Killed a thorn hunter
 34027 | Swamp:4  | Received a gift from Okawaru
 34957 | Swamp:4  | Gained mutation: You have claws for hands. [demonic
                  | ancestry]
 34957 | Swamp:4  | Reached XP level 17. HP: 162/166 MP: 15/15
 34976 | Swamp:4  | Noticed a bone dragon
 35014 | Swamp:4  | Killed a bone dragon
 35066 | Swamp:4  | Reached skill level 15 in Shields
 35790 | Swamp:4  | Got a decaying rune of Zot
 35817 | Swamp:4  | Got an ichor-stained arbalest
 36325 | Swamp:2  | Got a masterwork shortbow {god gift}
 37297 | Elf:1    | Noticed Frances
 37315 | Elf:1    | Killed Frances
 37457 | Elf:1    | Received a gift from Okawaru
 37551 | Elf:1    | Got a fading hunting sling
 38272 | Elf:2    | Found Dumpoalo's General Store.
 38323 | Elf:2    | Bought a scroll of teleportation for 45 gold pieces
 38386 | Elf:2    | Found a runed translucent gate.
 38386 | Elf:2    | Found a runed translucent gate.
 38386 | Elf:2    | Found a runed translucent gate.
 38504 | Elf:2    | Identified the cursed +2 hunting sling "Nicw" {speed,
                  | *Corrode Str+6} (You found it on level 1 of the Elven
                  | Halls)
 38768 | Elf:2    | Got an ancient scale mail
 38779 | Elf:2    | Identified the +5 scale mail of Purpose {Str+3} (You found
                  | it on level 2 of the Elven Halls)
 39203 | Elf:2    | Noticed a deep elf blademaster
 39225 | Elf:2    | Killed a deep elf blademaster
 39252 | Elf:2    | Received a gift from Okawaru
 39465 | Elf:3    | Entered Level 3 of the Elven Halls
 39733 | Elf:3    | Reached XP level 18. HP: 169/169 MP: 16/16
 39837 | Elf:3    | Reached skill level 15 in Armour
 39870 | Elf:3    | HP: 2/170 [deep elf annihilator/iron shot (58)]
 40084 | Elf:3    | Identified the +1 scimitar of Valuable Assets {elec, rF+
                  | Int+4}
 40084 | Elf:3    | Identified the +5 great sword "Mubbei Deom" {freeze, *Rage
                  | rPois rF+ Dex+4}
 40246 | Elf:3    | Reached skill level 15 in Long Blades
 40654 | Elf:3    | Found Buhoinoest's Antique Weapon Boutique.
 40963 | Elf:3    | Identified the amulet "Qaigob" {RegenMP Int+5 Dex-5}
 40973 | Elf:3    | Noticed a Hell Sentinel
 40974 | Elf:3    | Noticed a Brimstone Fiend
 41133 | Elf:3    | Noticed a Brimstone Fiend
 41136 | Elf:3    | Noticed a Tzitzimitl
 41566 | Elf:3    | Identified the ring of the Raven {+Fly rPois rN+++ Str-5
                  | Slay+3}
 41568 | Elf:3    | Identified the cursed +2 trident of a bazaar {vorpal, MP+9
                  | Dex+3}
 41570 | Elf:3    | Identified the +11 halberd of Bloodstone {vorpal, rElec
                  | SInv}
 41591 | Elf:3    | Received a gift from Okawaru
 41747 | Elf:3    | Identified the Grimoire of Flight and Black Secrets
 41758 | Elf:3    | Got a heavily runed pewter amulet
 41769 | Elf:3    | Identified the amulet "Esotoem" {Inacc Str+4 Dex+3} (You
                  | found it on level 3 of the Elven Halls)
 41789 | Elf:3    | Identified Mewucish's Incunabulum of Scorching Cold
 41792 | Elf:3    | Identified Further Steps in Spellcraft
 41953 | Elf:3    | Got a translucent trident
 42304 | Spider:1 | Entered Level 1 of the Spider Nest
 42313 | Spider:1 | Reached skill level 19 in Fighting
 42392 | Spider:1 | Was placed under penance by Okawaru
 42732 | Vaults:1 | Entered Level 1 of the Vaults
 42768 | D:14     | Was forgiven by Okawaru
 42907 | Depths:1 | Entered Level 1 of the Depths
 43148 | Depths:1 | Received a gift from Okawaru
 43234 | Depths:1 | Found a runed translucent gate.
 43235 | Depths:1 | Found a runed translucent gate.
 43235 | Depths:1 | Found a runed translucent gate.
 43236 | Depths:1 | Found an opulent altar of Gozag.
 43237 | Depths:1 | Noticed terminal's ghost (adept OpBr)
 43237 | Depths:1 | Noticed a juggernaut
 43238 | Depths:1 | Noticed a lich
 43378 | Depths:1 | Found a gateway to Hell.
 43781 | Depths:1 | Found a shimmering altar of Xom.
 43961 | Depths:1 | Noticed a tentacled monstrosity
 44277 | Vaults:1 | Gained mutation: You have a pair of large horns on your
                  | head. [demonic ancestry]
 44277 | Vaults:1 | Reached XP level 19. HP: 182/182 MP: 17/17
 44664 | Vaults:1 | Received a gift from Okawaru
 45231 | Vaults:1 | Received a gift from Okawaru
 46087 | Vaults:1 | Noticed Nikola
 46102 | Vaults:1 | Killed Nikola
 46832 | Vaults:2 | Received a gift from Okawaru
 46838 | Vaults:2 | Got a spiked plate armour {god gift}
 47314 | Vaults:1 | Identified the +5 plate armour "Witorr" {rN+ Stlth+}
                  | (Okawaru gifted it to you on level 2 of the Vaults)
 47583 | Vaults:2 | Gained mutation: You have claws for feet. [demonic
                  | ancestry]
 47583 | Vaults:2 | Reached XP level 20. HP: 191/191 MP: 18/18
 48293 | Vaults:2 | Received a gift from Okawaru
 48363 | Vaults:2 | Found a portal to a secret trove of treasure.
 48445 | Vaults:2 | You paid a toll of 5 scrolls of fear to enter a treasure
                  | trove
 48446 | Trove    | Entered a treasure trove
 48461 | Trove    | Got a translucent bronze amulet
 48465 | Trove    | Got a crystal glaive
 48470 | Trove    | Got a wavering amber ring
 48479 | Trove    | Identified the ring of Metzuo {rPois rF+ Int+4} (You found
                  | it in a treasure trove)
 48490 | Trove    | Identified the amulet of Yjody {RegenMP Int+6 Slay-2} (You
                  | found it in a treasure trove)
 49421 | Vaults:2 | Found a staircase to the Crypt.
 49861 | Vaults:3 | Acquired 680 gold pieces
 49882 | Vaults:3 | Got a warped glass ring
 49884 | Vaults:3 | Identified the ring of Zadet {*Slow rF+ rN+ Slay+4} (You
                  | found it on level 3 of the Vaults)
 50767 | Vaults:4 | Received a gift from Okawaru
 51648 | Vaults:4 | Identified the +1 robe of Starshine {rF+ MR+}
 51884 | Vaults:4 | Gained mutation: You regenerate a lot of health from kills.
                  | [demonic ancestry]
 51884 | Vaults:4 | Reached XP level 21. HP: 200/200 MP: 18/18
 51930 | Vaults:4 | Reached skill level 20 in Fighting
 52384 | Vaults:5 | Entered Level 5 of the Vaults
 53099 | Vaults:4 | Received a gift from Okawaru
 53189 | Vaults:4 | Got a steaming morningstar {god gift}
 53702 | Depths:1 | Received a gift from Okawaru
 54806 | Depths:2 | Received a gift from Okawaru
 55123 | Depths:2 | Got a bloodstained demon blade
 55124 | Depths:2 | Identified the +6 demon blade of Diet Blood {elec, rC+ rN+
                  | Str+8 Int-5} (You found it on level 2 of the Depths)
 55160 | Depths:2 | Noticed Bai Suzhen
 55169 | Depths:2 | Reached XP level 22. HP: 183/210 MP: 19/19
 55184 | Depths:2 | Killed Bai Suzhen
 55576 | Depths:3 | Found a one-way gate to the infinite horrors of the Abyss.
 55853 | Depths:3 | Paralysed by a floating eye for 3 turns
 55862 | Depths:3 | Paralysed by a floating eye for 4 turns
 55869 | Depths:3 | Paralysed by a floating eye for 4 turns
 57361 | Spider:3 | Received a gift from Okawaru
 57570 | Spider:3 | Found a runed translucent gate.
 57571 | Spider:3 | Found a runed translucent gate.
 57587 | Spider:3 | Found a runed translucent gate.
 57588 | Spider:3 | Noticed Duzemac's ghost (adept MiFi)
 57618 | Spider:3 | Killed Duzemac's ghost
 58029 | Spider:4 | Entered Level 4 of the Spider Nest
 58133 | Spider:4 | Noticed Arachne
 58157 | Spider:4 | Killed Arachne
 58702 | Spider:4 | Received a gift from Okawaru
 58704 | Spider:4 | Got faintly glowing shadow dragon scales {god gift}
 58735 | Spider:4 | Identified the +7 shadow dragon scales of Fuberus {rC- rN+
                  | Dex+5 Stlth++++} (Okawaru gifted it to you on level 4 of
                  | the Spider Nest)
 58981 | Spider:4 | Got a gossamer rune of Zot
 59127 | Spider:4 | Got a crystal war axe
 59238 | Lair:1   | Got a brightly glowing scale mail
 59648 | Depths:3 | Noticed a golden dragon
 59939 | Depths:3 | Got a pair of brightly glowing boots
 60001 | Depths:3 | Gained mutation: A powerful demonic guardian rushes to your
                  | aid. [demonic ancestry]
 60001 | Depths:3 | Reached XP level 23. HP: 207/218 MP: 20/20
 60396 | Depths:3 | Found the +3 Elemental Staff {rElec rF++ rC++ MR++ AC+5}
 60409 | Depths:3 | Identified the Collected Works on Heat
 60412 | Depths:3 | Identified the Handbook of the Arsonist
 60630 | Depths:4 | Received a gift from Okawaru
 60652 | Depths:4 | Noticed Louise
 60675 | Depths:4 | Killed Louise
 60722 | Depths:4 | Found a transporter.
 60765 | Depths:4 | Identified the +0 leather armour of the Lumpy Bones {rElec
                  | Regen+ Stlth+}
 60766 | Depths:4 | Found a transporter.
 60850 | Depths:4 | Found Xisemepp's Jewellery Shoppe.
 61243 | Depths:4 | Noticed a caustic shrike
 61243 | Depths:4 | a quicksilver dragon changed into a caustic shrike
 61244 | Depths:4 | a caustic shrike changed into an iron dragon
 61548 | Depths:4 | Reached skill level 1 in Dodging
 61567 | Depths:4 | Reached skill level 21 in Fighting
 61649 | Depths:4 | Got a smoking pewter amulet
 61651 | Depths:4 | Got a smoking steel amulet
 61662 | Depths:4 | Identified the amulet of Ucusodo {Inacc Int+6} (You found
                  | it on level 4 of the Depths)
 61672 | Depths:4 | Identified the amulet of Gozag's Envy {Faith Str+4} (You
                  | found it on level 4 of the Depths)
 61718 | Depths:4 | Got a transparent helmet
 62296 | Vaults:5 | Got a silver rune of Zot
 62327 | Vaults:5 | Got a warped scale mail
 62440 | Vaults:5 | Identified the cursed +1 flail of the Shore {vorpal, MR+
                  | Int+3}
 62458 | Vaults:5 | Upgraded the game from 0.26-a0-362-g1d9a9cd4fa to
                  | 0.26-a0-365-g11c2b627af
 62470 | Vaults:5 | Identified the +8 chain mail of Noughts and Crosses {*Drain
                  | rN++}
 62499 | Vaults:5 | Received a gift from Okawaru
 62540 | Vaults:5 | Identified the +7 fustibalus of the Hundredfold Xalams
                  | {speed, Str+4}
 62540 | Vaults:5 | Identified the +4 chain mail of Resonance {rC- rN+++ Str+8
                  | Dex-2}
 62579 | Vaults:5 | Identified the ring "Gashadgh" {rElec rPois}
 62584 | Vaults:5 | Identified the +9 quarterstaff "Kekliane" {chaos, Fragile
                  | rElec rF++ Dex+2}
 62584 | Vaults:5 | Identified the ring of Kenotet {MP+9 AC+4 Str-2 Dex+5}
 62586 | Vaults:5 | Identified the ring "Lulios" {MP+9 Dex+2}
 62586 | Vaults:5 | Cast into level 2 of the Abyss (a deep elf sorcerer)
 62983 | Vaults:5 | Escaped the Abyss
 63054 | Vaults:5 | Got a crude plate armour
 63055 | Vaults:5 | Identified the +0 plate armour "Kibryam" {rN+} (You found
                  | it on level 5 of the Vaults)
 63160 | Vaults:5 | Found Zoyr's Weapon Shop.
 63185 | Vaults:5 | Reached XP level 24. HP: 228/228 MP: 20/20
 63204 | Vaults:5 | Received a gift from Okawaru
 63222 | Vaults:5 | Got a scorched kite shield {god gift}
 63233 | Vaults:5 | Identified the +5 kite shield of Hopscotch {rC+ Int+4
                  | Stlth+} (Okawaru gifted it to you on level 5 of the Vaults)
 63377 | Vaults:5 | Reached skill level 5 in Dodging
 63660 | Vaults:5 | Identified the Handbook of Enchanting Ignition
 64156 | Vaults:5 | Identified Sif Muna's Papyrus of Arcane Weapons and
                  | Moulding
 65072 | Crypt:1  | Entered Level 1 of the Crypt
 65481 | Crypt:1  | Received a gift from Okawaru
 66936 | Crypt:2  | Received a gift from Okawaru
 67132 | Crypt:3  | Entered Level 3 of the Crypt
 67529 | Crypt:3  | Noticed an ancient lich
 67537 | Crypt:3  | Killed an ancient lich
 67548 | Crypt:3  | Found an ancient bone altar of Kikubaaqudgha.
 67598 | Crypt:3  | Got a crystal rapier
 67602 | Crypt:3  | Identified the +3 rapier "Concordance" {vorpal, rPois rC-
                  | Str+7 Dex-3} (You found it on level 3 of the Crypt)
 67689 | Crypt:3  | Received a gift from Okawaru
 67690 | Crypt:3  | Got a scorched falchion {god gift}
 67691 | Crypt:3  | Identified the +0 falchion "Gaan" {venom, rC+ MR+ Dex+6}
                  | (Okawaru gifted it to you on level 3 of the Crypt)
 67700 | Crypt:3  | Found a staircase to the Tomb.
 67747 | Crypt:3  | Gained mutation: Your flesh is heat resistant. (rF+)
                  | [demonic ancestry]
 67747 | Crypt:3  | Reached XP level 25. HP: 228/237 MP: 20/20
 67784 | Crypt:3  | Identified Wuclysae's Papyrus of Black Secrets
 68322 | Crypt:1  | Got a jewelled scimitar {god gift}
 68323 | Crypt:1  | Identified the +0 scimitar "Deumuakare" {vorpal, rElec}
                  | (Okawaru gifted it to you on level 1 of the Crypt)
 68636 | Depths:5 | Entered Level 5 of the Depths
 68639 | Depths:5 | Found a gateway to a ziggurat.
 68689 | Depths:5 | Reached skill level 22 in Fighting
 68712 | Depths:5 | Found a gate to the Realm of Zot.
 68738 | Depths:5 | Received a gift from Okawaru
 68746 | Depths:5 | Got a crystal long sword {god gift}
 68747 | Depths:5 | Identified the +12 long sword of Watchfulness {vamp, Str+3
                  | Int-4 Dex+6} (Okawaru gifted it to you on level 5 of the
                  | Depths)
 69190 | Depths:5 | Noticed a juggernaut
 69200 | Depths:5 | Killed a juggernaut
 69301 | Depths:5 | Found Lunattou's Gadget Shop.
 69302 | Depths:5 | Found Faerefo's Jewellery Shoppe.
 69303 | Depths:5 | Found Nibronae's Gadget Shop.
 69315 | Depths:5 | Bought the amulet "Kuzerus" {rElec Regen+ Int+4} for 1100
                  | gold pieces
 69763 | Tomb:1   | Entered Level 1 of the Tomb of the Ancients
 69827 | Tomb:1   | Lost mutation: Your magical capacity is low. (-10% MP)
                  | [potion of mutation]
 69827 | Tomb:1   | Lost mutation: Your body sometimes deteriorates upon taking
                  | damage. [potion of mutation]
 69827 | Tomb:1   | Lost mutation: You are robust. (+10% HP) [potion of
                  | mutation]
 69827 | Tomb:1   | Gained mutation: You are resistant to hostile enchantments.
                  | (MR+) [potion of mutation]
 70092 | Tomb:1   | Noticed Frederick
 70097 | Tomb:1   | Noticed a greater mummy
 70365 | Tomb:1   | Noticed a greater mummy
 70517 | Crypt:3  | Killed a greater mummy
 70740 | Tomb:1   | Killed a greater mummy
 71153 | Tomb:1   | Killed Frederick
 71445 | Tomb:1   | Received a gift from Okawaru
 71620 | Tomb:1   | Gained mutation: Your spells are a little easier to cast,
                  | but a little less powerful. [mutagenic glow]
 71661 | Tomb:1   | Noticed a greater mummy
 71661 | Tomb:1   | Noticed a greater mummy
 72105 | Tomb:1   | Killed a greater mummy
 72245 | Tomb:1   | Killed a greater mummy
 72416 | Tomb:1   | Gained mutation: You are weak. (Str -2) [mutagenic glow]
 72473 | Tomb:1   | Gained mutation: Your spells are easier to cast, but less
                  | powerful. [mutagenic glow]
 72500 | Tomb:1   | Gained mutation: Your body sometimes deteriorates upon
                  | taking damage. [mutagenic glow]
 72535 | Tomb:1   | Gained mutation: Your body often deteriorates upon taking
                  | damage. [mutagenic glow]
 72589 | Tomb:1   | Lost mutation: You occasionally shout uncontrollably at
                  | your foes. [mutagenic glow]
 72593 | Tomb:2   | Noticed a greater mummy
 72593 | Tomb:2   | Noticed a greater mummy
 72593 | Tomb:2   | Noticed a greater mummy
 72593 | Tomb:2   | Noticed an ancient lich
 72641 | Tomb:1   | Noticed a greater mummy
 72641 | Tomb:1   | Noticed a greater mummy
 72641 | Tomb:1   | Noticed a greater mummy
 72645 | Tomb:1   | Noticed a greater mummy
 72647 | Tomb:1   | Noticed a greater mummy
 73162 | Hell     | Entered the Vestibule of Hell
 73162 | Hell     | Noticed Geryon
 73272 | Hell     | Gained mutation: You are clumsy. (Dex -2) [a cacodemon]
 73294 | Depths:1 | Gained mutation: You expend magic power (3 MP) to
                  | strengthen your wands. [a cacodemon]
 73301 | Depths:1 | Gained mutation: You are frail. (-10% HP) [a cacodemon]
 73305 | Depths:1 | Gained mutation: Potions are less effective at restoring
                  | your health. [a cacodemon]
 73306 | Depths:1 | Gained mutation: You are very frail. (-20% HP) [a
                  | cacodemon]
 73324 | Hell     | Noticed Murray
 73350 | Depths:1 | Received a gift from Okawaru
 73378 | Hell     | HP: 8/175 [sun demon (15)]
 73378 | Hell     | Killed from afar by a blizzard demon

Illustrated notes

Levels and vault maps discovered:
D:1:      evilmike_arrival_crescent, layout_loops_ring, minmay_misc_feat_chi
D:2:      layout_basic, kennysheep_crisscross, fedhas_ov_isle_minmay
D:3:      cheibrodos_helix_gallery, layout_basic, gup_sewer_entry_spiral
D:4:      layout_basic, minmay_box_of_dots
D:5:      layout_rooms, serial_curves, eino_curves_03, eino_curves_01
D:6:      layout_gridville, kiku_gazebo_pond_becter,
          minmay_temple_entry_enclosed_plants, basic_altar, minmay_holes,
          minmay_chambers_of_fives
D:7:      layout_basic
D:8:      layout_cave_pools, hangedman_decor_growths, guppyfry_shop_venom
D:9:      layout_cave_pods, dpeg_lair_monsters, gammafunk_ghost_mausoleum,
          uniq_grum, uniq_maggie
D:10:     layout_roguey, kennysheep_boxes
D:11:     layout_basic, erik_orc_1, kennysheep_island_fort
D:12:     layout_rooms, serial_shops, nicolae_shop_behind_doors, basic_altar,
          kennysheep_doodads, uniq_snorg
D:13:     layout_basic, minivault_4, drop_trap
D:14:     layout_roguey [special_room_orc], erik_vaults_1, hex_intersection
D:15:     gammafunk_depths_entry_grave, layout_loops_ring, roderic_lattice_a,
          st_stairs_2, uniq_roxanne
Temple:   dpeg_three_leaves_temple
Lair:1:   layout_cave_pods, gauntlet_entry_generic,
          chequers_serial_rivers_micro_a, beast_lair_carwin_2,
          grunt_megastairs_2, uniq_sonja
Lair:2:   layout_roguey, skrybe_swamp_entry_bodies, spider_nest_entry_webs,
          portal_ice_cave_demonic_guard, worms_lemuel, lemuel_fruit_tree,
          serial_bayou_shore_b, uniq_gastronok
Lair:3:   layout_misc_corridors, hangedman_lair_unloving_vines,
          serial_bayou_shore_a
Lair:4:   layout_gridlike, grunt_megastairs_3, minmay_lair_oklob_chamber
Lair:5:   layout_regular_city, minmay_shattered_shrine
Lair:6:   grunt_lair_end_beastmaster, layout_regular_city,
          minmay_slime_entry_pillars, ebering_ghost_rock_garden,
          serial_bayou_pond_d, st_stairs_6
Swamp:1:  layout_basic_swamp, evilmike_swamp_ruin_rubble_2
Swamp:2:  layout_basic_swamp, basic_altar
Swamp:3:  layout_basic_swamp, nicolae_swamp_very_dense_foliage, swamp_pool4
Swamp:4:  swamp_pestilence, layout_basic_swamp
Spider:1: layout_spider_delve, guppyfry_spider_mini_3
Spider:2: layout_spider_delve, hangedman_spider_tarantella_strand
Spider:3: layout_spider_delve, ebering_ghost_rock_garden
Spider:4: floodkiller_spider_rune_tomb, uniq_arachne
Orc:1:    layout_caves, basic_altar
Orc:2:    pf_orc_diabolical, layout_diamond_mine, enter_volcano_1, uniq_urug
Elf:1:    eino_elf_arrival_customs, layout_gridlike, hangedman_elf_represent,
          billiards_dpeg, roderic_lattice_octagonal_star, uniq_frances
Elf:2:    layout_geoelf_octagon, serial_shops, nicolae_shop_window_shopping
Elf:3:    elf_hall, layout_loops_corners, serial_shops,
          nicolae_shop_behind_doors, item_on_display_b
Vaults:1: st_lines, vaults_room_boxed, v_rooms_3, v_misc_5, v_misc_2,
          nicolae_vaults_twisting_passages, nicolae_vaults_angled_halls,
          nicolae_vaults_little_squares_6, nicolae_vaults_rhombus_5,
          ontoclasm_vaults_ring_small, dpeg_vaults_monster_box,
          layout_vaults_maze_snakey, uniq_nikola
Vaults:2: special_room_vaults [special_room_orc], v_pattern_3,
          vaults_dpeg_encased_lava, hangedman_vaults_stagger,
          nicolae_vaults_three_branches, vaults_mumra_lcd,
          minmay_crypt_entry_skeletal_spiral, vaults_room_corners,
          nicolae_vaults_hallways_thing, nicolae_vaults_ring_of_whatevers,
          v_misc_19, vaults_dpeg_cross, v_misc_13, vaults_room_hallway,
          v_rooms_1, hangedman_vaults_maws, vaults_room_grid,
          layout_vaults_omnibox, enter_trove_3
Vaults:3: nicolae_vaults_big_angled_halls, ontoclasm_vaults_ring_square,
          v_misc_4, v_misc_27, v_misc_5, hangedman_vaults_capsules, v_misc_15,
          nicolae_vaults_theta, layout_vaults_chaotic_city
Vaults:4: hangedman_vaults_restitches, vaults_dpeg_spiral, v_misc_3,
          ontoclasm_vaults_fault, nicolae_vaults_little_squares_1,
          vaults_room_pool, v_misc_26, nicolae_vaults_little_squares_3,
          layout_vaults_quadrants
Vaults:5: serial_shops
Crypt:1:  layout_chaotic_city
Crypt:2:  layout_gridlike, corexii_hall_statues_i
Crypt:3:  cryptofortress_bobbens, uniq_margery
Tomb:1:   uniq_frederick
Tomb:2
Depths:1: kennysheep_large_spiral, layout_gridville, serial_rivers,
          chequers_serial_rivers_micro_d, chequers_serial_rivers_small_b,
          chequers_serial_rivers_marsh, chequers_serial_rivers_large_a,
          chequers_serial_rivers_micro_d, grunt_hell_entry_dis_mu,
          ebering_ghost_gozag, minmay_misc_feat_pillars, xom_teletrap_fun
Depths:2: minmay_inner_zag, layout_basic, infiniplex_staircase_pillars_3b,
          hellmouth_1, uniq_bai_suzhen
Depths:3: mu_elemental_laboratory, layout_cave_pools,
          chequers_serial_rivers_small_3, abyss_entry_crystal, hell_entry,
          pan_entry
Depths:4: gammafunk_the_bubble [the_bubble_gammafunk_grid], layout_gridlike,
          minmay_misc_feat_iff, nicolae_abyss_entry_one_way_or_another,
          serial_shops, shop, pf_hell_entry_great_geh
Depths:5: grunt_zot_entry_tricorne, layout_twisted_cross, enter_ziggurat_c,
          chequers_serial_rivers_marsh, hell_entry, minmay_misc_feat_x,
          serial_bayou_shore_b, minmay_shop_grove
Hell

Skill      XL: |  1  2  3  4  5  6  7  8  9 10 11 12 13 14 15 16 17 18 19 20 21 22 23 24 25 |
---------------+----------------------------------------------------------------------------+-----
Long Blades    | 2 3 4 5 6 8 9 10 11 12 13 14 15 16 17 18 19 20 | 20.9
Armour         | 3 4 5 6 7 8 9 10 11 12 13 14 15 16 17 18 19 20 21 | 21.0
Shields        | 3 4 5 6 7 8 9 10 11 12 13 14 16 17 18 19 20 21 | 21.9
Fighting       | 4 5 6 7 9 10 11 14 16 17 18 19 20 21 22 | 22.5
Dodging        | 4 7 9 |  9.7

Action                   |  1- 3 |  4- 6 |  7- 9 | 10-12 | 13-15 | 16-18 | 19-21 | 22-24 | 25-27 || total
-------------------------+-------+-------+-------+-------+-------+-------+-------+-------+-------++-------
Melee: Long sword        |   138 |   241 |   298 |   203 |    63 |   915 |       |       |   592 ||  2450
       Kick              |     9 |    68 |   121 |    95 |       |       |   540 |  1017 |   440 ||  2290
       Headbutt          |       |    42 |    74 |   217 |   484 |   506 |   478 |   647 |   283 ||  2731
       Demon blade       |       |       |       |   595 |  1464 |   573 |     9 |  2015 |   121 ||  4777
       Unarmed           |       |       |       |       |     5 |       |       |       |       ||     5
       Scimitar          |       |       |       |       |       |   395 |  1938 |       |       ||  2333
Throw: Javelin           |       |       |       |    23 |     3 |    21 |       |     6 |     3 ||    56
Invok: Heroism           |       |       |       |       |     8 |       |       |     1 |       ||     9
       Finesse           |       |       |       |       |     1 |       |       |       |       ||     1
 Abil: Evoke Flight      |       |       |       |     2 |     2 |       |     1 |       |       ||     5
       Stop Flying       |       |       |       |       |     1 |       |       |       |       ||     1
Evoke: Wand              |       |       |     1 |    16 |     8 |     2 |     1 |       |     1 ||    29
       Box of beasts     |       |       |       |     1 |     3 |       |       |       |       ||     4
       Lightning rod     |       |       |       |       |       |     1 |       |       |       ||     1
  Use: Scroll            |       |     4 |     6 |    19 |    11 |    11 |     6 |    15 |     7 ||    79
       Potion            |       |       |     1 |     1 |     2 |     3 |     1 |     4 |     7 ||    19
 Stab: Sleeping          |       |       |     3 |       |       |       |       |       |       ||     3
       Distracted        |       |       |     1 |     3 |     9 |     8 |     5 |     3 |     3 ||    32
       Paralysed         |       |       |       |     8 |       |       |       |       |       ||     8
       Confused          |       |       |       |     2 |       |     5 |       |       |     1 ||     8
       Invisible         |       |       |       |       |       |       |       |     2 |       ||     2
Armor: Scale mail        |    82 |   101 |    22 |       |    43 |       |       |       |       ||   248
       Ring mail         |       |       |    74 |   285 |       |       |       |       |       ||   359
       Crystal plate arm |       |       |       |       |   625 |  1043 |   930 |   758 |   567 ||  3923
       Plate armour      |       |       |       |       |    74 |       |       |       |       ||    74
       Skin              |       |       |       |       |     1 |       |       |       |       ||     1
Dodge: Dodged            |    45 |    79 |   109 |   339 |   266 |   232 |   147 |   247 |   297 ||  1761
Block: Kite shield       |    72 |   158 |   198 |   489 |  1358 |  1194 |       |   499 |   893 ||  4861
       Reflection        |       |       |       |       |    47 |    46 |       |       |       ||    93
       Tower shield      |       |       |       |       |       |   399 |  1843 |  1276 |       ||  3518
       Rpst.: Long sword |    14 |    27 |    26 |    16 |     4 |    20 |       |       |    66 ||   173
       Demon blade       |       |       |       |    45 |    62 |     6 |       |    51 |     3 ||   167
       Scimitar          |       |       |       |       |       |     4 |    29 |       |       ||    33

Table legend: (Time is in decaauts)
 A = Elapsed time spent in this place.
 B = Non-inter-level travel time spent in this place.
 C = Inter-level travel time spent in this place.
 D = Time resting spent in this place.
 E = Time spent auto-exploring this place.
 F = Levels seen in this place.
 G = Mean time per level.
                   A        B        C        D        E       F      G
               +--------+--------+--------+--------+--------+-----+--------+
         Total |  71897 |  62690 |   9207 |  10770 |  34657 |  58 | 1239.6 |
       Dungeon |  21322 |  17234 |   4088 |   2899 |   9946 |  15 | 1421.5 |
        Temple |     81 |     66 |     15 |      0 |     65 |   1 |   81.0 |
          Lair |   7107 |   5982 |   1125 |    291 |   4215 |   6 | 1184.5 |
         Swamp |   5793 |   5407 |    386 |   1431 |   2946 |   4 | 1448.2 |
   Spider Nest |   2917 |   2735 |    182 |      0 |   1966 |   4 |  729.2 |
  Orcish Mines |   2509 |   2023 |    486 |    276 |   1150 |   2 | 1254.5 |
   Elven Halls |   5159 |   4818 |    341 |    962 |   2524 |   3 | 1719.7 |
        Vaults |  10717 |   9201 |   1516 |   1707 |   4655 |   5 | 2143.4 |
         Crypt |   3932 |   3553 |    379 |   1191 |   1589 |   3 | 1310.7 |
          Tomb |   2436 |   2300 |    136 |    946 |    647 |   2 | 1218.0 |
        Depths |   6775 |   6226 |    549 |    600 |   3518 |   5 | 1355.0 |
          Hell |     44 |     44 |      0 |      0 |      0 |   1 |   44.0 |
         Abyss |    376 |    376 |      0 |      0 |    253 |   2 |  188.0 |
         Trove |     54 |     54 |      0 |      0 |      5 |   1 |   54.0 |
         Sewer |    656 |    656 |      0 |      0 |    420 |   1 |  656.0 |
      Ice Cave |    839 |    839 |      0 |    398 |    159 |   1 |  839.0 |
       Volcano |    416 |    416 |      0 |      0 |    291 |   1 |  416.0 |
      Gauntlet |    756 |    756 |      0 |     67 |    304 |   1 |  756.0 |
               +--------+--------+--------+--------+--------+-----+--------+
